 Dungeon Crawl Stone Soup version 0.29.0-7-g18a832c13a (webtiles) character file.

Game seed: 3517946847083194796

67 NinjaNoafa the Magician (level 4, -5/31 HPs)
             Began as a Djinni Hedge Wizard on Aug 31, 2022.
             Slain by Sigmund
             ... wielding a +0 scythe
              (12 damage)
             ... on level 2 of the Dungeon.
             The game lasted 00:03:16 (1415 turns).

NinjaNoafa the Magician (Djinni Hedge Wizard)       Turns: 1415, Time: 00:03:16

Health: -5/31      AC:  2    Str:  9    XL:     4   Next: 38%
Gold:   52         EV: 12    Int: 17    God:
                   SH:  0    Dex: 13

rFire   + + .      SeeInvis .   h - +2 dagger (protect)
rCold   x . .      Faith    .   (no shield)
rNeg    . . .      Spirit   .   b - +0 robe
rPois   ∞          Reflect  .   c - +0 hat
rElec   .          Harm     .   (no cloak)
rCorr   .          Rampage  .   (no gloves)
Will    .....                   (boots unavailable)
Stlth   ++........              (no amulet)
HPRegen 0.10/turn               (no ring)
MPRegen 0.00/turn               (no ring)

@: flying
A: sickness immunity, fire resistance 2, cold vulnerability 1, float, innate
caster, HP casting, extra vitality 1
a: no special abilities


You were on level 2 of the Dungeon.
You visited 1 branch of the dungeon, and saw 2 of its levels.

You collected 52 gold pieces.

Inventory:

Hand Weapons
 h - a +2 dagger of protection (weapon)
Missiles
 d - a throwing net
 g - 19 stones
Armour
 b - a +0 robe (worn)
 c - a +0 hat (worn)
Scrolls
 a - a scroll of amnesia {unknown}
 f - a scroll of teleportation {unknown}
 i - 2 scrolls of noise {unknown}
 j - 2 scrolls of identify {unknown}
 k - 3 scrolls of enchant weapon {unknown}
Potions
 e - a potion of curing


   Skills:
 - Level 2.1 Dodging
 - Level 1.5 Stealth
 + Level 3.8 Spellcasting


You couldn't memorise any spells.
You knew the following spells:

 Your Spells              Type           Power      Damage    Failure   Level
a - Magic Dart            Conj           64%        1d6       3%          1
b - Blink                 Tloc           32%        N/A       4%          2
c - Call Imp              Summ           16%        N/A       4%          2
d - Slow                  Hex            64%        N/A       3%          1
e - Conjure Flame         Conj/Fire      16%        6-21      10%         3
f - Mephitic Cloud        Conj/Pois/Air  16%        N/A       10%         3
g - Sting                 Tmut/Pois      64%        1d6       3%          1
Your spell library was empty.

Dungeon Overview and Level Annotations

Branches:
Dungeon (2/15)

Altars:
Cheibriados

Shops:
D:2 =

Annotations:
D:2 Sigmund


Innate Abilities, Weirdness & Mutations

You are immune to sickness and miasma.
You are immune to poison.
Your flesh is very heat resistant. (rF++)
You are vulnerable to cold. (rC-)
You float through the air rather than walking.
You learn spells naturally, not from books.
Your magical power is your life essence.
You have superior vitality. (+4 MHP)


Message History

Press: ? - help, Shift-Dir - straight line, f/p - Sigmund
Aim: Sigmund, wielding a +0 scythe and wearing a +0 robe (heavily wounded, poisoned, 100% to hit)
The magic dart hits Sigmund.
Sigmund is heavily wounded.
Sigmund closely misses you.
Your magical contamination has completely faded away.
Casting: Magic Dart (safe; 3% risk of failure)
Confirm with . or Enter, or press ? or * to list all spells.
Aiming: Magic Dart (safe; 3% risk of failure)
Press: ? - help, Shift-Dir - straight line, f/p - Sigmund
Aim: Sigmund, wielding a +0 scythe and wearing a +0 robe (severely wounded, poisoned, 100% to hit)
The magic dart hits Sigmund.
Sigmund is severely wounded.
Unknown command.
Sigmund looks more healthy.
Sigmund gestures wildly while chanting.
Sigmund flickers and vanishes!
Deactivating autopickup; reactivate with Ctrl-A.
You see here 3 gold pieces.
You miss something. Something hits you.
* * * LOW HITPOINT WARNING * * *
You closely miss something.
You hear some strange, mumbled words.
A puff of flame appears from out of thin air!
The puff of flame hits you. You resist.
* * * LOW HITPOINT WARNING * * *
Casting: Magic Dart (safe; 3% risk of failure)
Confirm with . or Enter, or press ? or * to list all spells.
You can't see any susceptible monsters within range! (Use Z to cast anyway.)
Aiming: Magic Dart (safe; 3% risk of failure)
Press: ? - help, Q - select action, (/) - cycle Shift-Dir - straight line, f - you
Okay, then.
Casting: Magic Dart (safe; 3% risk of failure)
Confirm with . or Enter, or press ? or * to list all spells.
Aiming: Magic Dart (safe; 3% risk of failure)
Press: ? - help, Shift-Dir - straight line The magic dart hits something.
* * * LOW HITPOINT WARNING * * *
Something hits you!
You die...

....#.#
...#.#############
.................#
#.#........#.###.#
###.#........#.# .# ###
....#........#.# .#
##.## .#..#........#.#
.# #....
.............#.###.##...
#.###
.............#..@{.....#
#....
..#....###########.###.#
#.#.. ..#..#.# # #....
#.#..#.# #.#.. #.#..#.#
#.... ........ #..#.
..#..... #...# ..#.###
#.... ###.# #...#


There were no monsters in sight!

Vanquished Creatures
  4 adders (D:2)
  A worm (D:2)
  3 bats (D:1)
  3 endoplasms
  4 giant cockroaches
  2 goblins (D:2)
  2 hobgoblins (D:2)
  5 kobolds
  A quokka (D:2)
  A ball python (D:2)
  A rat (D:2)
27 creatures vanquished.

Notes
Turn   | Place    | Note
-------+----------+-------------------------------------------
     0 | D:1      | NinjaNoafa the Djinni Hedge Wizard began the quest for the
                  | Orb.
     0 | D:1      | NinjaNoafa set off with the following spells memorised:
                  | Magic Dart, Blink, Call Imp, Slow, Conjure Flame, Mephitic
                  | Cloud.
     0 | D:1      | Reached XP level 1. HP: 15/15 MP: 0/0
   291 | D:1      | Reached XP level 2. HP: 20/21 MP: 0/0
   552 | D:2      | Found Leluca Wuix's Jewellery Boutique.
   599 | D:2      | Reached skill level 3 in Spellcasting
   599 | D:2      | Reached XP level 3. HP: 25/25 MP: 0/0
   599 | D:2      | Learned a level 1 spell: Sting
  1120 | D:2      | Reached XP level 4. HP: 29/31 MP: 0/0
  1120 | D:2      | Found a snail-covered altar of Cheibriados.
  1395 | D:2      | Noticed Sigmund
  1415 | D:2      | Slain by Sigmund

Illustrated notes

Levels and vault maps discovered:
D:1:      dpeg_arrival_radiant, layout_basic
D:2:      layout_basic, serial_shops, shop, basic_altar,
          minmay_misc_feat_rugged, uniq_sigmund

Skill      XL: |  1  2 |
---------------+-------+-----
Spellcasting   | 3 |  3.8
Dodging        | |  2.1
Stealth        | |  1.5

Action                   |  1- 3 |  4- 6 || total
-------------------------+-------+-------++-------
Melee: Dagger            |     9 |     5 ||    14
 Cast: Magic Dart        |    40 |    21 ||    61
       Sting             |     3 |     2 ||     5
       Mephitic Cloud    |     1 |       ||     1
  Use: Potion            |       |     2 ||     2
 Stab: Confused          |     1 |       ||     1
Armor: Robe              |     5 |     2 ||     7
Dodge: Dodged            |     6 |     4 ||    10
